 Dungeon Crawl Stone Soup version 0.29.1-1-gd02db6906a (webtiles) character file.

Game seed: 1786225065065762947

81 jamesp the Trooper (level 4, -1/29 HPs)
             Began as a Gargoyle Fighter on Sept 27, 2022.
             Was an Initiate of Hepliaklqana.
             Slain by a gnoll
             ... wielding a +0 flail of protection
              (8 damage)
             ... on level 2 of the Dungeon.
             The game lasted 00:04:15 (2083 turns).

jamesp the Trooper (Gargoyle Fighter)               Turns: 2083, Time: 00:04:15

Health: -1/29      AC: 13    Str: 19    XL:     4   Next: 40%
Magic:  4/4        EV:  9    Int:  9    God:    Hepliaklqana [......]
Gold:   196        SH:  4    Dex: 11    Spells: 3/3 levels left

rFire   . . .      SeeInvis .   a - +0 flail
rCold   + . .      Faith    .   c - +0 buckler
rNeg    + . .      Spirit   .   b - +0 scale mail
rPois   ∞          Reflect  .   (no helmet)
rElec   +          Harm     .   h - +0 cloak
rCorr   .          Rampage  .   r - +0 pair of gloves
Will    .....                   (no boots)
Stlth   ..........              (no amulet)
HPRegen 0.09/turn               p - ring of protection from cold
MPRegen 0.09/turn               (no ring)

@: mighty
A: sickness immunity, AC +3, negative energy resistance 1, electricity
resistance, torment resistance 1, petrification resistance
a: Renounce Religion


You were on level 2 of the Dungeon.
You worshipped Hepliaklqana.
Hepliaklqana was noncommittal.
You visited 1 branch of the dungeon, and saw 3 of its levels.

You collected 196 gold pieces.

Inventory:

Hand Weapons
 a - a +0 flail (weapon)
Missiles
 j - a throwing net
 o - 11 stones (quivered)
Armour
 b - a +0 scale mail (worn)
 c - a +0 buckler (worn)
 h - a +0 cloak (worn)
 r - a +0 pair of gloves (worn)
Jewellery
 p - a ring of protection from cold (left hand)
Scrolls
 f - 3 scrolls of vulnerability {unknown}
 g - 2 scrolls of immolation {unknown}
 k - a scroll of identify {unknown}
 n - 3 scrolls of teleportation {unknown}
 q - a scroll of noise {unknown}
Potions
 d - 2 potions of might
 e - a potion of berserk rage {unknown}
 i - a potion of magic {unknown}
 l - 2 potions of curing {unknown}
 m - a potion of mutation {unknown}
 s - a potion of attraction {unknown}
 t - a potion of brilliance {unknown}


   Skills:
 + Level 4.0 Fighting
 + Level 2.7 Maces & Flails
 + Level 4.0 Armour
 + Level 4.0 Shields


You had 3 spell levels left.
You didn't know any spells.
Your spell library contained the following spells:

 Spells                   Type           Power      Damage    Failure   Level
 Call Canine Familiar     Summ           0%         N/A       99%         3
 Dazzling Flash           Conj/Hex       0%         N/A       99%         3
 Portal Projectile        Hex/Tloc       0%         N/A       99%         3
 Leda's Liquefaction      Hex/Erth       0%         N/A       100%        4
 Agony                    Necr           0%         N/A       100%        5
 Silence                  Hex/Air        0%         N/A       100%        5


Dungeon Overview and Level Annotations

Branches:
Dungeon (3/15)

Altars:
Hepliaklqana

Shops:
D:2 :


Innate Abilities, Weirdness & Mutations

You are immune to sickness and miasma.
Your stone body is resilient. (AC +3)
You are immune to poison.
You resist negative energy. (rN+)
You are resistant to electric shocks. (rElec)
You are resistant to unholy torment.
You are immune to petrification.


Message History

There is a stone staircase leading down here.
You climb downwards.
The goblin shouts!
The adder hisses angrily.
The gnoll shouts! x3
The gnoll closely misses you. The gnoll hits you but does no damage.
Found 4 large rocks.
There is a stone staircase leading up here.
The gnoll closely misses you.
The gnoll hits you from afar with a +0 spear.
You block the gnoll's attack.
You climb upwards.
There is a stone staircase leading down here.
You hit the gnoll.
The gnoll is heavily wounded.
The gnoll hits you but does no damage. x2
You barely miss the gnoll.
The gnoll is heavily wounded.
The gnoll hits you with a +0 flail of protection.
The gnoll barely misses you.
You hit the gnoll.
The gnoll is almost dead.
You block the gnoll's attack. x2; The gnoll hits you but does no damage. x2
You barely miss the gnoll.
The gnoll is almost dead.
The gnoll barely misses you. The gnoll hits you but does no damage.
You barely miss the gnoll.
The gnoll is almost dead.
The gnoll hits you with a +0 flail of protection.
The gnoll hits you with a +0 whip.
You hit the gnoll.
You kill the gnoll!
The gnoll hits you with a +0 flail of protection.
* * * LOW HITPOINT WARNING * * *
Your Armour skill increases to level 4!
Your Shields skill increases to level 4!
You feel very mighty all of a sudden. The gnoll hits you but does no damage.
You hit the gnoll.
The gnoll is heavily wounded.
The gnoll hits you with a +0 flail of protection!
You die...

......#####.#.....#
...............####
......####.....#
......####.....#
#######........#######
#######.###..........##
........##............##
#########..............#
# #.......@......# ####
#.......g>.....#
...######.........)....#
.......................#
.....#...........>....##
....###..............##
....# #.............##
....###.........#####
................#


You could see a gnoll.

Vanquished Creatures
  2 adders (D:3)
  A gnoll (D:2)
  A worm (D:2)
  2 dart slugs
  2 orcs (D:2)
  6 endoplasms
  2 giant cockroaches (D:2)
  3 goblins (D:2)
  A hobgoblin (D:2)
  4 jackals (D:2)
  2 quokkas
  2 ball pythons (D:1)
  7 bats
  A frilled lizard (D:1)
  3 kobolds
  5 rats (D:2)
44 creatures vanquished.

Notes
Turn   | Place    | Note
-------+----------+-------------------------------------------
     0 | D:1      | jamesp the Gargoyle Fighter began the quest for the Orb.
     0 | D:1      | Reached XP level 1. HP: 14/14 MP: 1/1
   351 | D:1      | Reached XP level 2. HP: 19/19 MP: 2/2
   414 | D:1      | Found a faded altar of an unknown god.
  1086 | D:2      | Found Mael's Book Shoppe.
  1147 | D:2      | Found a hazy altar of Hepliaklqana.
  1155 | D:2      | Became a worshipper of Hepliaklqana the Forgotten
  1214 | D:2      | Reached XP level 3. HP: 23/23 MP: 3/3
  1713 | D:3      | Reached XP level 4. HP: 28/29 MP: 4/4
  2083 | D:2      | Slain by a gnoll

Illustrated notes

Levels and vault maps discovered:
D:1:      lightli_arrival_farm, layout_loops_cross,
          shapermc_ecumenical_altar_mp_highgroup
D:2:      layout_rooms, serial_shops, shop_fountains, basic_altar, minivault_24,
          minmay_fractal_squares_5
D:3:      layout_rooms, grunt_gozag_statues

Skill      XL: |  1  2  3  4 |
---------------+-------------+-----
Fighting       | 4 |  4.0
Armour         | 4 |  4.0
Shields        | 4 |  4.0
Maces & Flails | |  2.7

Action                   |  1- 3 |  4- 6 || total
-------------------------+-------+-------++-------
Melee: Flail             |   109 |    19 ||   128
  Use: Potion            |       |     1 ||     1
Armor: Scale mail        |    70 |    15 ||    85
Dodge: Dodged            |    61 |    11 ||    72
Block: Buckler           |    24 |    10 ||    34
